 Dungeon Crawl Stone Soup version 0.22.1-2-g9c5b331 (webtiles) character file.

15629 JustSomeDude the Fighter (level 12, -6/97 HPs)
             Began as a Gnoll Wanderer on Jan 3, 2019.
             Mangled by a phantasmal warrior (24 damage)
             ... led by a death knight
             ... on level 12 of the Dungeon on Jan 4, 2019.
             The game lasted 00:49:33 (15755 turns).

JustSomeDude the Fighter (Gnoll Wanderer)          Turns: 15755, Time: 00:49:33

Health: -6/97      AC: 18    Str: 16    XL:     12   Next: 29%
Magic:  22/22      EV: 11    Int: 15    God:
Gold:   472        SH:  0    Dex: 21    Spells: 25/25 levels left

rFire    + + +     SeeInvis .   q - +5 mace "Wucielui" {flame, rElec Dex+3}
rCold    . . .     Gourm    +   (no shield)
rNeg     . . .     Faith    .   h - +0 chain mail
rPois    .         Spirit   .   (no helmet)
rElec    +         Reflect  .   w - +1 cloak
rCorr    +         Harm     .   R - +2 pair of gloves
MR       .....                  A - +0 pair of boots of Starshine {rF+ rCorr} (curse)
Stlth    +++.......             K - amulet of the gourmand
HPRegen  0.00/turn              x - ring of protection from fire
MPRegen  0.18/turn              i - ring of stealth

@: vulnerable, very slightly contaminated
A: distributed training, fangs 1, fire resistance 1, inhibited regeneration,
wild magic 1, MP-powered wands, strong nose
a: no special abilities


You were on level 12 of the Dungeon.
You were completely stuffed.

You visited 3 branches of the dungeon, and saw 15 of its levels.

You collected 809 gold pieces.
You spent 337 gold pieces at shops.

Inventory:

Hand Weapons
 q - the +5 mace "Wucielui" (weapon) {flame, rElec Dex+3}
   (You found it on level 1 of the Lair of Beasts)

   It has been specially enchanted to burn those struck by it, causing extra
   injury to most foes and up to half again as much damage against particularly
   susceptible opponents.
   It affects your dexterity (+3).
   It insulates you from electricity.
 u - a +1 dagger of venom
 z - a +0 shortbow of flaming
 C - the +1 trident of Chance {vamp, SInv}
   (You found it on level 1 of the Lair of Beasts)

   It inflicts no extra harm, but heals its wielder when it wounds a living foe.
   It lets you see invisible.
 L - a +4 war axe
 M - a +0 scimitar of flaming
 N - the +6 Majin-Bo {vamp, Archmagi MP+6 Int+6}
   (You found it on level 9 of the Dungeon)

   It inflicts no extra harm, but heals its wielder when it wounds a living foe.
   It affects your intelligence (+6).
   It affects your magic capacity (+6).
Missiles
 p - 2 tomahawks of returning (quivered)
 B - 176 arrows
Armour
 h - a +0 chain mail (worn)
 w - a +1 cloak (worn)
 A - the cursed +0 pair of boots of Starshine (worn) {rF+ rCorr}
   (You bought it in a shop on level 10 of the Dungeon)

   It protects you from fire.
   It provides partial protection from all sources of acid and corrosion.
   It has a curse placed upon it.
 R - a +2 pair of gloves (worn)
Jewellery
 e - an uncursed ring of magical power
 i - a ring of stealth (right hand)
 j - an uncursed ring of ice
 o - a cursed ring of attention {unknown}
 x - a ring of protection from fire (left hand)
 D - an uncursed ring of stealth
 I - an uncursed ring of see invisible {unknown}
 K - an amulet of the gourmand (around neck)
Wands
 r - a wand of random effects (17)
 F - a wand of acid (15)
 H - a wand of paralysis (12)
 P - a wand of flame (20)
Scrolls
 a - 5 scrolls of noise
 b - a scroll of fear
 d - a scroll of amnesia
 g - a scroll of magic mapping
 k - 2 scrolls of enchant armour
 m - 6 scrolls of enchant weapon
 n - 7 scrolls of remove curse
 v - 2 scrolls of identify
 G - 4 scrolls of teleportation
 O - a scroll of torment
Potions
 l - a potion of curing
 J - 3 potions of mutation
 Q - a potion of heal wounds
Miscellaneous
 c - a box of beasts
Comestibles
 f - 26 rations


   Skills:
 + Level 9.6 Fighting
 + Level 7.0 Short Blades
 + Level 7.5 Long Blades
 + Level 7.0 Axes
 + Level 7.0 Maces & Flails
 + Level 7.0 Polearms
 + Level 7.0 Staves
 + Level 7.0 Slings
 + Level 7.0 Bows
 + Level 7.0 Crossbows
 + Level 7.5 Throwing
 + Level 8.5 Armour
 + Level 7.0 Dodging
 + Level 9.3 Stealth
 + Level 7.0 Shields
 + Level 7.0 Unarmed Combat
 + Level 7.0 Spellcasting
 + Level 5.8 Conjurations
 + Level 5.8 Hexes
 + Level 5.8 Charms
 + Level 5.8 Summonings
 + Level 5.8 Necromancy
 + Level 5.8 Translocations
 + Level 5.8 Transmutations
 + Level 5.8 Fire Magic
 + Level 5.8 Ice Magic
 + Level 5.8 Air Magic
 + Level 5.8 Earth Magic
 + Level 5.8 Poison Magic
 + Level 7.7 Invocations
 + Level 7.0 Evocations


You had 25 spell levels left.
You didn't know any spells.
Your spell library contained the following spells:

 Spells                   Type           Power        Failure   Level  Hunger
 Animate Skeleton         Necr           N/A          21%         1    None
 Apportation              Tloc           ####..       21%         1    None
 Confusing Touch          Hex            ####..       21%         1    None
 Pain                     Necr           ####         21%         1    None
 Summon Small Mammal      Summ           ####         21%         1    None
 Regeneration             Chrm/Necr      ####......   47%         3    ##.....
 Vampiric Draining        Necr           ####......   47%         3    ##.....
 Animate Dead             Necr           N/A          86%         4    ####...


Dungeon Overview and Level Annotations

Branches:
Dungeon (13/15)              Lair (1/6) D:11            Orc (1/2) D:9
 Temple: D:4-7       Vaults: D:13-14

Altars:
Ru

Shops:
D:5 :   D:6 }   D:8 }   D:10 *

Annotations:
D:11 exclusion: orange crystal statue
Lair:1 Gastronok


Innate Abilities, Weirdness & Mutations

Your experience applies equally to all skills.
You have very sharp teeth.
Your uncanny sense of smell can sniff out nearby items.
Your flesh is heat resistant. (rF+)
You do not regenerate when monsters are visible.
Your spells are a little harder to cast, but a little more powerful.
You expend magic power (3 MP) to strengthen your wands.


Message History

* * * LOW HITPOINT WARNING * * *
You are too injured to fight recklessly!
You are too injured to fight recklessly!
You closely miss the phantasmal warrior.
You punch the phantasmal warrior, but do no damage.
The phantasmal warrior hits you but does no damage.
You hit the phantasmal warrior. You burn the phantasmal warrior.
The phantasmal warrior is lightly damaged.
The phantasmal warrior closely misses you.
You sock the phantasmal warrior! You burn the phantasmal warrior.
The phantasmal warrior is heavily damaged.
The phantasmal warrior closely misses you.
You completely miss the phantasmal warrior.
The phantasmal warrior is heavily damaged.
The phantasmal warrior hits you!
* * * LOW HITPOINT WARNING * * *
You hit the phantasmal warrior but do no damage.
The phantasmal warrior is heavily damaged.
The phantasmal warrior hits you!!
You die...

#..# #..# #..## #.##
##..# #.#.# #..## #...#
#.#.# ##..#####...##
#.###
##..##......######.####
##...................#
#.<.........#####.###
##.####.[W.## ### ###
#...@..# #...##.##
##### ##..####.##
##...## ##....# ##.##
......## ##.###.#
##.### .####..###.##
#.# ##..# ## #.....##
#.# #### ##...## #.##
##### #..#


You could see a phantasmal warrior.

Vanquished Creatures
  2 hydras
  Harold (Lair:1)
  Erica (D:8)
  A cyclops (D:10)
  A manticore (D:11)
  A black mamba (Lair:1)
  A gargoyle (D:11)
  Psyche (D:10)
  2 spiny frogs (Lair:1)
  A komodo dragon (Lair:1)
  A centaur skeleton (D:12)
  A kobold demonologist (D:12)
  A hornet (D:10)
  3 hippogriffs
  A shadow (D:10)
  11 yaks
  2 hungry ghosts
  A steam dragon (D:9)
  A wyvern (D:12)
  A basilisk (D:11)
  2 water moccasins (D:10)
  An acid dragon (D:10)
  4 orc warriors
  5 porcupines
  2 phantoms
  2 black bears (D:10)
  An eye of draining (D:9)
  An ice beast (D:11)
  A necrophage (D:12)
  3 sky beasts
  7 ogres
  2 crocodiles
  8 centaurs
  4 bullfrogs
  A scorpion (D:12)
  A water moccasin skeleton (D:9)
  15 killer bees
  3 wights (D:11)
  6 crimson imps
  A bullfrog zombie (D:8)
  11 howler monkeys
  A centaur zombie (D:8)
  2 quasits
  3 hounds
  3 jellies
  A bullfrog skeleton (D:7)
  4 orc priests
  9 orc wizards
  Jessica (D:2)
  Terence (D:2)
  8 iguanas
  9 worker ants
  3 hound skeletons
  6 gnolls
  10 adders
  A howler monkey skeleton (D:8)
  4 oozes
  An adder zombie (D:5)
  5 worms
  4 dart slugs
  5 leopard geckos
  36 orcs
  8 bats
  8 giant cockroaches
  4 hobgoblins
  12 jackals
  5 quokkas
  5 ball pythons
  3 frilled lizards
  10 goblins
  A jackal skeleton (D:4)
  A jackal zombie (D:6)
  8 kobolds
  A leopard gecko zombie (D:6)
  A quokka skeleton (D:5)
  A quokka zombie (D:6)
  4 rats
  A plant (D:11)
306 creatures vanquished.

Notes
Turn   | Place    | Note
-------+----------+-------------------------------------------
     0 | D:1      | JustSomeDude the Gnoll Wanderer began the quest for the
                  | Orb.
     0 | D:1      | JustSomeDude set off with: a +2 dagger, a scroll of fear, a
                  | +0 short sword, a +0 ring mail, a ration
     0 | D:1      | Reached XP level 1. HP: 23/23 MP: 1/1
    47 | D:1      | Reached XP level 2. HP: 23/29 MP: 2/2
   142 | D:1      | Reached XP level 3. HP: 16/35 MP: 3/3
   483 | D:1      | Reached skill level 1 in Invocations
   614 | D:2      | Reached skill level 1 in Short Blades
   614 | D:2      | Reached skill level 1 in Axes
   614 | D:2      | Reached skill level 1 in Maces & Flails
   614 | D:2      | Reached skill level 1 in Polearms
   614 | D:2      | Reached skill level 1 in Staves
   614 | D:2      | Reached skill level 1 in Slings
   614 | D:2      | Reached skill level 1 in Bows
   614 | D:2      | Reached skill level 1 in Crossbows
   614 | D:2      | Reached skill level 1 in Dodging
   614 | D:2      | Reached skill level 1 in Shields
   614 | D:2      | Reached skill level 1 in Unarmed Combat
   614 | D:2      | Reached skill level 1 in Spellcasting
   614 | D:2      | Reached skill level 1 in Evocations
   643 | D:2      | Reached XP level 4. HP: 30/41 MP: 5/5
   666 | D:2      | Noticed Jessica
   682 | D:2      | Killed Jessica
   755 | D:2      | Reached skill level 1 in Conjurations
   755 | D:2      | Reached skill level 1 in Hexes
   755 | D:2      | Reached skill level 1 in Charms
   755 | D:2      | Reached skill level 1 in Summonings
   755 | D:2      | Reached skill level 1 in Necromancy
   755 | D:2      | Reached skill level 1 in Translocations
   755 | D:2      | Reached skill level 1 in Transmutations
   755 | D:2      | Reached skill level 1 in Fire Magic
   755 | D:2      | Reached skill level 1 in Ice Magic
   755 | D:2      | Reached skill level 1 in Air Magic
   755 | D:2      | Reached skill level 1 in Earth Magic
   755 | D:2      | Reached skill level 1 in Poison Magic
   998 | D:2      | Reached XP level 5. HP: 39/47 MP: 6/6
  1039 | D:2      | Noticed Terence
  1073 | D:2      | Killed Terence
  1796 | D:3      | Reached XP level 6. HP: 38/53 MP: 8/8
  2133 | D:4      | Reached skill level 5 in Armour
  2283 | D:4      | Reached XP level 7. HP: 19/59 MP: 10/10
  2565 | D:5      | Entered Level 5 of the Dungeon
  2844 | D:5      | Reached XP level 8. HP: 33/67 MP: 12/12
  3343 | D:5      | Found Seatoo's Book Shop.
  3867 | D:5      | Found a sacrificial altar of Ru.
  4352 | D:6      | Reached XP level 9. HP: 53/72 MP: 14/14
  4539 | D:6      | Found Xiacomiu's Gadget Shop.
  5313 | D:7      | Reached skill level 5 in Long Blades
  5313 | D:7      | Reached skill level 5 in Throwing
  6231 | D:8      | Found Horupt's Gadget Boutique.
  6260 | D:8      | Noticed Erica
  6283 | D:8      | Killed Erica
  6283 | D:8      | Reached skill level 5 in Invocations
  6283 | D:8      | Reached XP level 10. HP: 42/80 MP: 17/17
  6610 | D:9      | Found a staircase to the Orcish Mines.
  6705 | D:9      | Reached skill level 5 in Short Blades
  6705 | D:9      | Reached skill level 5 in Axes
  6705 | D:9      | Reached skill level 5 in Maces & Flails
  6705 | D:9      | Reached skill level 5 in Polearms
  6705 | D:9      | Reached skill level 5 in Staves
  6705 | D:9      | Reached skill level 5 in Slings
  6705 | D:9      | Reached skill level 5 in Bows
  6705 | D:9      | Reached skill level 5 in Crossbows
  6705 | D:9      | Reached skill level 5 in Dodging
  6705 | D:9      | Reached skill level 5 in Shields
  6705 | D:9      | Reached skill level 5 in Unarmed Combat
  6705 | D:9      | Reached skill level 5 in Spellcasting
  6705 | D:9      | Reached skill level 5 in Evocations
  7575 | D:9      | Found the +6 Majin-Bo {vamp, Archmagi MP+6 Int+6}
  7799 | D:9      | Gained mutation: Your flesh is heat resistant. (rF+)
                  | [potion of mutation]
  7799 | D:9      | Gained mutation: Your spells are a little harder to cast,
                  | but a little more powerful. [potion of mutation]
  7799 | D:9      | Gained mutation: You do not regenerate when monsters are
                  | visible. [potion of mutation]
  7799 | D:9      | Gained mutation: You expend magic power (3 MP) to
                  | strengthen your wands. [potion of mutation]
  7871 | D:10     | Entered Level 10 of the Dungeon
  8967 | D:10     | Noticed Psyche
  9008 | D:10     | Killed Psyche
  9409 | D:10     | Reached XP level 11. HP: 63/87 MP: 19/19
  9534 | D:10     | Found Woqetih's General Store.
  9892 | D:10     | Bought the cursed +0 pair of boots of Starshine {rF+ rCorr}
                  | for 337 gold pieces
 10671 | D:11     | Reached skill level 5 in Conjurations
 10671 | D:11     | Reached skill level 5 in Hexes
 10671 | D:11     | Reached skill level 5 in Charms
 10671 | D:11     | Reached skill level 5 in Summonings
 10671 | D:11     | Reached skill level 5 in Necromancy
 10671 | D:11     | Reached skill level 5 in Translocations
 10671 | D:11     | Reached skill level 5 in Transmutations
 10671 | D:11     | Reached skill level 5 in Fire Magic
 10671 | D:11     | Reached skill level 5 in Ice Magic
 10671 | D:11     | Reached skill level 5 in Air Magic
 10671 | D:11     | Reached skill level 5 in Earth Magic
 10671 | D:11     | Reached skill level 5 in Poison Magic
 11231 | D:11     | Noticed a cyclops
 11642 | Orc:1    | Entered Level 1 of the Orcish Mines
 11746 | D:10     | Killed a cyclops
 12293 | D:11     | Found a staircase to the Lair.
 12577 | D:11     | Noticed a five-headed hydra
 12597 | D:11     | Killed a two-headed hydra
 13064 | D:11     | Noticed a manticore
 13315 | Lair:1   | Entered Level 1 of the Lair of Beasts
 13320 | Lair:1   | Got a jewelled mace
 13321 | Lair:1   | Identified the +5 mace "Wucielui" {flame, rElec Dex+3} (You
                  | found it on level 1 of the Lair of Beasts)
 13606 | Lair:1   | Got an ichor-stained trident
 13607 | Lair:1   | Identified the +1 trident of Chance {vamp, SInv} (You found
                  | it on level 1 of the Lair of Beasts)
 13640 | Lair:1   | Noticed Gastronok
 14021 | Lair:1   | Noticed Harold
 14045 | Lair:1   | Killed Harold
 14045 | Lair:1   | Reached XP level 12. HP: 48/96 MP: 22/22
 14731 | D:12     | Noticed a four-headed hydra
 14745 | D:12     | Killed a one-headed hydra
 15725 | D:13     | Noticed a death knight
 15729 | D:13     | Noticed a centaur warrior
 15755 | D:12     | Mangled by a phantasmal warrior

Skill      XL: |  1  2  3  4  5  6  7  8  9 10 11 12 |
---------------+-------------------------------------+-----
Stealth        | 6 7 8 9 |  9.3
Invocations    | 1 2 3 4 5 6 7 |  7.7
Short Blades   | 1 2 3 4 5 6 7 |  7.0
Axes           | 1 2 3 4 5 6 7 |  7.0
Maces & Flails | 1 2 3 4 5 6 7 |  7.0
Polearms       | 1 2 3 4 5 6 7 |  7.0
Staves         | 1 2 3 4 5 6 7 |  7.0
Slings         | 1 2 3 4 5 6 7 |  7.0
Bows           | 1 2 3 4 5 6 7 |  7.0
Crossbows      | 1 2 3 4 5 6 7 |  7.0
Dodging        | 1 2 3 4 5 6 7 |  7.0
Shields        | 1 2 3 4 5 6 7 |  7.0
Unarmed Combat | 1 2 3 4 5 6 7 |  7.0
Spellcasting   | 1 2 3 4 5 6 7 |  7.0
Evocations     | 1 2 3 4 5 6 7 |  7.0
Conjurations   | 1 2 3 4 5 |  5.8
Hexes          | 1 2 3 4 5 |  5.8
Charms         | 1 2 3 4 5 |  5.8
Summonings     | 1 2 3 4 5 |  5.8
Necromancy     | 1 2 3 4 5 |  5.8
Translocations | 1 2 3 4 5 |  5.8
Transmutations | 1 2 3 4 5 |  5.8
Fire Magic     | 1 2 3 4 5 |  5.8
Ice Magic      | 1 2 3 4 5 |  5.8
Air Magic      | 1 2 3 4 5 |  5.8
Earth Magic    | 1 2 3 4 5 |  5.8
Poison Magic   | 1 2 3 4 5 |  5.8
Long Blades    | 3 4 5 6 7 |  7.5
Throwing       | 3 4 5 6 7 |  7.5
Armour         | 5 6 7 8 |  8.5
Fighting       | 7 8 9 |  9.6

Action                   |  1- 3 |  4- 6 |  7- 9 | 10-12 || total
-------------------------+-------+-------+-------+-------++-------
Melee: Dagger            |    37 |       |   180 |   457 ||   674
       Bite              |    26 |    27 |    32 |   108 ||   193
       Short sword       |   107 |   258 |    58 |       ||   423
       War axe           |     9 |    23 |    21 |   115 ||   168
       Punch             |       |     2 |     2 |    15 ||    19
       Mace              |       |       |       |   159 ||   159
       Scimitar          |       |       |       |    31 ||    31
 Fire: Shortbow          |       |       |   243 |   100 ||   343
Throw: Tomahawk          |       |       |       |    12 ||    12
Evoke: Wand              |       |       |       |     3 ||     3
  Use: Potion            |       |     2 |     7 |    10 ||    19
       Scroll            |       |       |       |    20 ||    20
 Stab: Sleeping          |     2 |     2 |     2 |     7 ||    13
       Fleeing           |       |       |       |     1 ||     1
       Distracted        |       |       |       |     1 ||     1
  Eat: Chunk             |       |     5 |     9 |    58 ||    72
       Ration            |       |       |     1 |     2 ||     3
Armor: Ring mail         |    40 |       |       |       ||    40
       Chain mail        |    49 |   185 |   242 |   416 ||   892
       Skin              |       |       |       |    18 ||    18
Dodge: Dodged            |    69 |   108 |   161 |   339 ||   677
